 Dungeon Crawl Stone Soup version 0.21.1-1-g345015f (webtiles) character file.

176 toucherabbit the Poker (level 5, -14/40 HPs)
             Began as a Merfolk Gladiator on Mar 28, 2018.
             Demolished by an ogre
             ... wielding a cursed -2 giant club
              (26 damage)
             ... in the Ecumenical Temple.
             The game lasted 00:01:49 (1484 turns).

toucherabbit the Poker (Merfolk Gladiator)          Turns: 1484, Time: 00:01:49

Health: -14/40     AC:  4    Str: 15    XL:     5   Next: 56%
Magic:  5/5        EV: 15    Int:  7    God:
Gold:   172        SH:  0    Dex: 16    Spells: 4/4 levels left

rFire    . . .     SeeInvis .   a - +0 trident
rCold    . . .     Gourm    .   (no shield)
rNeg     . . .     Faith    .   b - +0 leather armour
rPois    .         Spirit   .   c - +0 helmet
rElec    .         Reflect  .   (no cloak)
rCorr    .         Harm     .   (no gloves)
MR       .....                  (no boots)
Stlth    ++........             (no amulet)
HPRegen  0.13/turn              (no ring)
MPRegen  0.09/turn              (no ring)

@: no status effects
A: change form in water, swift swim, stealthy swim
a: no special abilities


You were in the Ecumenical Temple.
You were hungry.

You visited 2 branches of the dungeon, and saw 5 of its levels.

You collected 172 gold pieces.

Inventory:

Hand Weapons
 a - a +0 trident (weapon)
Missiles
 d - 3 throwing nets (quivered)
Armour
 b - a +0 leather armour (worn)
 c - a +0 helmet (worn)
Scrolls
 e - 4 scrolls of teleportation {unknown}
 g - 2 scrolls of remove curse {unknown}
 h - 3 scrolls of identify {unknown}
 i - a scroll of amnesia {unknown}
 j - a scroll of enchant weapon {unknown}
 k - a scroll of noise {unknown}
 o - a scroll of magic mapping {unknown}
 p - 2 scrolls of enchant armour {unknown}
Potions
 m - a potion of curing {unknown}
 n - a potion of might {unknown}
 q - a potion of brilliance {unknown}
 r - a potion of degeneration {unknown}
Comestibles
 f - 6 rations


   Skills:
 + Level 2.8 Fighting
 + Level 6.7 Polearms
 + Level 2.1 Throwing
 + Level 1.0 Armour
 + Level 5.1 Dodging
 + Level 1.4 Stealth


You had 4 spell levels left.
You didn't know any spells.

Dungeon Overview and Level Annotations

Branches:
Dungeon (4/15)             Temple (1/1) D:4

Altars:
Dithmenos
Kikubaaqudgha


Message History

There is a staircase to the Ecumenical Temple here.
You can't go up here!
The ogre completely misses you.
You climb downwards.
Welcome to the Ecumenical Temple!
Found a shadowy altar of Dithmenos and an ancient bone altar of Kikubaaqudgha.
There is a staircase back to the Dungeon here.
Attack whom?
Press: ? - help, Dir - move target cursor, f - ogre
Aim: an ogre, wielding a giant club (moderately wounded)
You closely miss the ogre.
The ogre is moderately wounded.
The ogre barely misses you.
Attack whom?
Press: ? - help, Dir - move target cursor, f/p - ogre
Aim: an ogre, wielding a giant club (moderately wounded)
You hit the ogre.
The ogre is heavily wounded.
The ogre hits you with a giant club!!
Ouch! That really hurt!
You die...

.....#
......#
.......##
........#
........##
._.......#
.........#
......O@.#
.........#
._.......#
........##
........#
.......##
......#
.....#


You could see an ogre.

Vanquished Creatures
  2 orc priests (D:3)
  Jessica (D:2)
  A worker ant (D:2)
  An adder (D:3)
  2 oozes (D:3)
  A worm (D:4)
  A dart slug (D:1)
  2 leopard geckos
  3 orcs (D:3)
  5 giant cockroaches
  4 goblins
  3 hobgoblins
  3 kobolds
  A quokka (D:2)
  A ball python skeleton (D:4)
  6 bats
  3 frilled lizards
  4 rats
44 creatures vanquished.

Notes
Turn   | Place    | Note
-------+----------+-------------------------------------------
     0 | D:1      | toucherabbit the Merfolk Gladiator began the quest for the Orb.
     0 | D:1      | Reached XP level 1. HP: 16/16 MP: 1/1
   143 | D:1      | Reached XP level 2. HP: 22/22 MP: 2/2
   632 | D:2      | Reached skill level 5 in Polearms
   666 | D:2      | Reached XP level 3. HP: 20/28 MP: 3/3
   758 | D:2      | Noticed Jessica
   766 | D:2      | Killed Jessica
   766 | D:2      | Reached skill level 1 in Stealth
   766 | D:2      | Reached XP level 4. HP: 33/34 MP: 4/4
   986 | D:3      | Reached skill level 6 in Polearms
   986 | D:3      | Reached skill level 5 in Dodging
   993 | D:3      | Reached XP level 5. HP: 4/39 MP: 5/5
   993 | D:3      | HP: 1/39 [orc/short sword (3)]
  1267 | D:3      | Reached skill level 1 in Armour
  1466 | D:4      | Found a staircase to the Ecumenical Temple.
  1470 | D:4      | Noticed an ogre
  1482 | Temple   | Entered the Ecumenical Temple
  1484 | Temple   | Demolished by an ogre

Skill      XL: |  1  2  3  4  5 |
---------------+----------------+-----
Polearms       | 5 6 |  6.7
Stealth        | 1 |  1.4
Dodging        | 5 |  5.1
Armour         | 1 |  1.0
Fighting       | |  2.8
Throwing       | |  2.1

Action                   |  1- 3 |  4- 6 || total
-------------------------+-------+-------++-------
Melee: Trident           |    74 |    75 ||   149
  Use: Potion            |       |     1 ||     1
 Stab: Sleeping          |     3 |     1 ||     4
  Eat: Chunk             |       |     1 ||     1
Armor: Leather armour    |    21 |    16 ||    37
Dodge: Dodged            |    28 |    66 ||    94
